 Seeded DCSS version 0.30-a0-900-g23479c02f2 (webtiles) character file.

Game seed: 17906827012690515480 (custom seed)

177307 bmack86 the Severer (level 17, -4/126 HPs)
             Began as a Minotaur Fighter on Mar 18, 2023.
             Was a High Priest of Okawaru.
             Killed from afar by an ironbound thunderhulk (8 damage)
             ... with a bolt of lightning
             ... summoned by a worldbinder
             ... on level 1 of the Abyss.
             The game lasted 01:23:35 (29690 turns).

bmack86 the Severer (Minotaur Fighter)             Turns: 29690, Time: 01:23:36

Health: -4/126     AC: 27    Str: 30      XL:     17   Next: 53%
Magic:  0/25       EV:  6    Int:  0 (1)  God:    Okawaru [*****.]
Gold:   2472       SH: 21    Dex: 15 (16) Spells: 16/16 levels left

rFire   x . .      SeeInvis .    L - +9 broad axe of Muduoc {flame, rElec rC+ Int-2}
rCold   + + +      Faith    .    F - +2 tower shield {rC+}
rNeg    . . .      Spirit   +    f - +1 plate armour {rPois}
rPois   +          Reflect  .    R - +2 hat {Stlth+}
rElec   +          Rampage  .    W - +1 cloak {Stlth+}
rCorr   .          Rage     3%   b - +1 pair of gloves {Str+3}
Will    +....                    B - +0 pair of boots {Fly} Stlth
                                 D - amulet of guardian spirit
HPRegen 0.41/turn                y - ring of the Will of the Gods {Ice rPois Dex+4}
MPRegen 0.19/turn                S - +6 ring of strength

@: flying, slowed, lost intelligence, studying 2 skills, unable to read, unable
to drink, very slow
A: horns 2, retaliatory headbutt, [berserk 1], [dopey 2], [frail 2], [screaming
2], [weak 2], [inability to drink after injury 2]
a: Renounce Religion, Heroism, Finesse, Duel


You were on level 1 of the Abyss.
You worshipped Okawaru.
Okawaru was extremely pleased with you.
You visited 4 branches of the dungeon, and saw 23 of its levels.
You visited the Abyss 1 time.
You also visited: Gauntlet and Ice Cave.

You collected 4174 gold pieces.
You spent 1702 gold pieces at shops.

Inventory:

Hand Weapons
 L - the +9 broad axe of Muduoc (weapon) {flame, rElec rC+ Int-2}
   (You acquired it on level 11 of the Dungeon)

   Int:       It affects your intelligence (-2).
   rC:        It protects you from cold.
   rElec:     It insulates you from electricity.
 N - a +6 heavy broad axe
Missiles
 n - 2 throwing nets
 I - 2 curare-tipped darts
 P - 13 boomerangs (quivered)
 Q - 15 silver javelins
Armour
 b - a +1 pair of gloves of strength (worn)
 f - a +1 plate armour of poison resistance (worn)
 B - a +0 pair of boots of flying (worn)
 F - a +2 tower shield of cold resistance (worn)
 R - a +2 hat of stealth (worn)
 W - a +1 cloak of stealth (worn)
Jewellery
 e - a +6 ring of intelligence
 g - a ring of see invisible
 p - a +6 ring of dexterity
 q - a +6 ring of dexterity
 r - a ring of fire
 w - a ring of willpower
 y - the ring of the Will of the Gods (left hand) {Ice rPois Dex+4}
   (You found it on level 14 of the Dungeon)

   [ring of ice]

   It enhances your ice magic.
   Dex:       It affects your dexterity (+4).
   rF:        It makes you vulnerable to fire.
   rC:        It protects you from cold.
   rPois:     It protects you from poison.
 D - an amulet of guardian spirit (around neck)
 H - a +5 ring of evasion
 O - an amulet of the acrobat
 S - a +6 ring of strength (right hand)
 X - a ring of fire
 Y - a ring of resist corrosion
 Z - a ring of protection from cold
Wands
 j - a wand of roots (7)
 u - a wand of digging (14)
 x - a wand of flame (7)
 C - a wand of paralysis (5)
Scrolls
 i - 8 scrolls of teleportation
 l - 2 scrolls of fog
 v - a scroll of magic mapping
 E - 3 scrolls of enchant weapon
 M - 4 scrolls of blinking
 U - a scroll of fear
 V - a scroll of silence
Potions
 a - 4 potions of flight
 c - 3 potions of invisibility
 d - 7 potions of might
 h - 3 potions of brilliance
 k - 9 potions of curing
 m - 6 potions of haste
 s - a potion of magic
 t - 3 potions of resistance
 z - 3 potions of cancellation
 A - 3 potions of heal wounds
 G - 2 potions of ambrosia
 J - 2 potions of berserk rage


   Skills:
 + Level 15.9 Fighting
 - Level 18.0 Axes
 - Level 10.0 Throwing
 + Level 15.8 Armour
 + Level 15.8 Shields
 + Level 12.3 Invocations


You had 16 spell levels left.
You didn't know any spells.
Your spell library contained the following spells:

 Spells                   Type           Power      Damage    Failure   Level
 Necrotise                Necr           0%         1d4       100%        1
 Shock                    Conj/Air       0%         1d3       100%        1
 Ensorcelled Hibernation  Hex/Ice        0%         N/A       100%        2
 Passwall                 Tmut/Erth      0%         N/A       100%        2
 Sublimation of Blood     Necr           0%         N/A       100%        2
 Kindle Blastsparks       Fire/Tloc/Air  0%         2d10      100%        3
 Swiftness                Air            0%         N/A       100%        3
 Vampiric Draining        Necr           0%         2d6       100%        3
 Airstrike                Air            0%         2d(0-16)  100%        4
 Fulminant Prism          Conj/Hex       0%         3d5       100%        4
 Iskenderun's Mystic Bla  Conj/Tloc      0%         2d3       100%        4
 Passage of Golubria      Tloc           0%         N/A       100%        4
 Petrify                  Tmut/Erth      0%         N/A       100%        4
 Agony                    Necr           0%         N/A       100%        5
 Freezing Cloud           Conj/Ice/Air   0%         6-21      100%        5
 Irradiate                Conj/Tmut      0%         3d11      100%        5
 Lee's Rapid Deconstruct  Erth           0%         3d4*      100%        5
 Yara's Violent Unravell  Hex/Tmut       0%         3d3       100%        5
 Polar Vortex             Ice            0%         N/A       100%        9
 Tukima's Dance           Hex            Unusable   N/A       N/A         3
 Simulacrum               Ice/Necr       Unusable   N/A       N/A         6

Dungeon Overview and Level Annotations

Branches:
Dungeon (15/15)            Temple (1/1) D:5            Lair (5/5) D:10
  Swamp (0/4) Lair:3       Spider (0/4) Lair:2        Slime (0/5) Lair:4
    Orc (2/2) D:9          Vaults (0/5) D:13         Depths (0/4) D:15
  IceCv (visited)         Gauntlet (visited)
    Elf: Orc:2

Altars:
Ashenzari
Dithmenos
Fedhas
Gozag
Kikubaaqudgha
Makhleb
Nemelex Xobeh
Okawaru
Ru
Sif Muna
Trog
Vehumet
Xom
The Shining One
Jiyva

Shops:
D:2 **   D:9 *?   D:13 [   D:14 (   Orc:1 *

Annotations:
Orc:2 Sonja


Innate Abilities, Weirdness & Mutations

You have a pair of horns on your head.
You reflexively headbutt those who attack you in melee.
[You sometimes lose your temper in combat.]
[You are very dopey. (Int -4)]
[You are very frail. (-20% HP)]
[You frequently scream uncontrollably at your foes.]
[You are very weak. (Str -4)]
[You sometimes lose the ability to drink potions when taking damage.]


Message History

The ironbound thunderhulk blinks!
Strange energies crackle from the ironbound thunderhulk's apparatus.
The ironbound thunderhulk blinks!
Electricity crackles from the ironbound thunderhulk's apparatus.
The bolt of lightning hits you! You resist.
* * * LOW HITPOINT WARNING * * *
Electricity crackles from the ironbound thunderhulk's apparatus.
The bolt of lightning hits you! You resist.
* * * LOW HITPOINT WARNING * * *
You slice the wretched star!!
The wretched star is moderately damaged.
The ironbound thunderhulk disappears in a puff of smoke!
The worldbinder calls forth creatures from the Vaults!
Electricity crackles from the ironbound thunderhulk's apparatus.
The bolt of lightning hits you. You resist.
* * * LOW HITPOINT WARNING * * *
You block the green very ugly thing's attack.
You slash the wretched star! You burn the wretched star.
The wretched star is heavily damaged.
You hit the green very ugly thing. You burn the green very ugly thing.
The green very ugly thing disappears in a puff of smoke!
The wretched star glows turbulently.
The lance of force hits you!
* * * LOW HITPOINT WARNING * * *
You are knocked back by the lance of force.
Electricity crackles from the ironbound thunderhulk's apparatus.
The bolt of lightning hits you! You resist.
* * * LOW HITPOINT WARNING * * *
Unknown command.
You hit the worldbinder. You burn the worldbinder.
You headbutt the worldbinder!
The worldbinder is moderately damaged.
The ironbound thunderhulk disappears in a puff of smoke!
The wretched star pulses with an eldritch light!
You feel frail. x2; You feel weaker. x2
You block the worldbinder's attack.
The worldbinder hits you but does no damage.
Electricity crackles from the ironbound thunderhulk's apparatus.
The bolt of lightning hits you! You resist.
You die...

. ##..# . ... ....
# . ..... .... # #
. . .##.. #..#
.#.# .
.##..##..##..#.. .
...............#.#
. ..
.............# .
## . #..##..# ..##
#
..##..##.@##..X..
.. .
.........x*.X....
# . ....
........u.....§..
. ##.
##..##..##.##..# .
..##..##.O##.....#
.............##.#
. ............#..#
#.
##..##..##.§##..#
. # # # ##..##..#
..### .#


You could see a starcursed mass, a brown very ugly thing (summoned), an
ironbound thunderhulk (summoned), a wretched star and a worldbinder.

Vanquished Creatures
  A bone dragon (Abyss:1)
  An Ice Fiend (IceCv)
  Rupert (D:15)
  4 tentacled starspawn (Abyss:1)
  Gastronok (D:8)
  Kirke (D:14)
  2 orc warlords
  A quicksilver ooze (Gauntlet)
  A minotaur (Gauntlet)
  An eidolon (D:14)
  An ettin (D:15)
  The ghost of Qesae the Convoker, a journeyman FeSu of Gozag (D:14)
  A ghost crab (Gauntlet)
  4 vault guards (D:12)
  A catoblepas (Lair:5)
  7 hydras
  A tengu warrior (D:15)
  An ogre mage (D:15)
  11 centaur warriors
  9 death yaks (Lair:5)
  4 boulder beetles
  4 two-headed ogres
  Urug (Orc:2)
  An orc high priest (Orc:2)
  The ghost of cheesebisquit the Grappler, a novice TrFi (D:7)
  Nergalle (D:11)
  A wretched star (Abyss:1)
  A shadow wraith (D:14)
  Amaemon (Lair:3)
  2 skysharks (Lair:5)
  A skeletal warrior (D:14)
  2 flayed ghosts
  A deep troll (D:15)
  An obsidian statue (IceCv)
  A bog body (IceCv)
  5 lindwurms
  3 orc knights
  6 spriggan simulacra (IceCv)
  A phantasmal warrior (D:14)
  4 large abominations (Abyss:1)
  A deep elf zephyrmancer (D:15)
  2 wizards (D:15)
  4 deep elf pyromancers
  3 manticores
  3 orc sorcerers
  12 cyclopes
  18 ugly things
  6 elephants (Lair:3)
  2 worldbinders (Abyss:1)
  An apocalypse crab (Abyss:1)
  2 ice statues (D:15)
  4 black mambas
  Maggie (D:8)
  A smoke demon (Gauntlet)
  A gargoyle (D:8)
  An unseen horror (D:10)
  An orange demon (Lair:3)
  8 cane toads
  An unseen horror (shapeshifter) (D:14)
  9 komodo dragons
  A freezing wraith (IceCv)
  A kobold demonologist (D:8)
  2 tengu conjurers (D:13)
  5 rime drakes
  An efreet (Abyss:1)
  2 anaconda simulacra (IceCv)
  8 ice devils (IceCv)
  A merfolk (shapeshifter) (D:8)
  3 ancient zymes (Abyss:1)
  7 trolls
  A golden dragon simulacrum (IceCv)
  5 polar bears
  A hornet (shapeshifter) (D:14)
  15 blink frogs
  9 hornets
  16 slime creatures
  7 raiju (Abyss:1)
  A flying skull (Abyss:1)
  4 wyverns
  2 shadows
  30 yaks
  7 basilisks
  15 spriggans (Lair:5)
  4 ynoxinuls (Abyss:1)
  6 wraiths
  3 hogs (D:14)
  A chaos spawn (Abyss:1)
  A neqoxec (Abyss:1)
  A steam dragon (D:4)
  23 vampire mosquitoes
  3 wargs
  9 minotaur simulacra (IceCv)
  2 acid dragons
  3 harpy simulacra (IceCv)
  2 hydra simulacra (IceCv)
  12 water moccasins
  2 swamp worms (Lair:3)
  A floating eye (shapeshifter) (D:8)
  A sky beast (D:8)
  11 ogres
  5 black bears
  An alligator simulacrum (IceCv)
  An ettin simulacrum (IceCv)
  32 orc warriors
  5 boggarts
  32 wolves
  7 centaurs
  9 small abominations (Abyss:1)
  A centaur (shapeshifter) (D:8)
  3 kobold brigands
  11 bullfrogs
  2 gnoll sergeants
  An earth elemental (Abyss:1)
  8 scorpions
  15 deep troll simulacra (IceCv)
  16 wights
  9 killer bees
  3 lindwurm simulacra (IceCv)
  4 electric eels
  9 howler monkeys
  A quasit (Abyss:1)
  3 crimson imps (Gauntlet)
  8 hounds
  2 jellies
  15 orc priests
  A sleepcap (D:6)
  4 gnoll boudas (D:13)
  An iron imp (Abyss:1)
  5 iguanas
  23 orc wizards
  A boggart simulacrum (D:14)
  22 gnolls
  8 adders
  A shadow imp (D:7)
  3 white imps
  4 ufetubi
  5 worms (Lair:2)
  4 dart slugs
  86 orcs
  4 bats
  11 endoplasms
  A giant cockroach (D:1)
  8 hobgoblins
  5 jackals
  5 quokkas
  8 ball pythons
  3 frilled lizards
  7 goblins
  18 kobolds
  5 rats
  6 starspawn tentacles (Abyss:1)
855 creatures vanquished.

Vanquished Creatures (others)
  An iguana (D:4)
  A dart slug (D:4)
  A goblin (D:4)
  28 fungi
  63 plants
  6 starspawn tentacles (Abyss:1)
100 creatures vanquished.

Grand Total: 955 creatures vanquished

Notes
Turn   | Place    | Note
-------+----------+-------------------------------------------
     0 | D:1      | bmack86 the Minotaur Fighter began the quest for the Orb.
     0 | D:1      | Reached XP level 1. HP: 19/19 MP: 0/0
    69 | D:1      | Reached XP level 2. HP: 27/27 MP: 1/1
   238 | D:1      | Reached skill level 3 in Axes
   581 | D:1      | Reached XP level 3. HP: 33/33 MP: 2/2
  1101 | D:2      | Found a burning altar of Makhleb.
  1297 | D:2      | Found Woofeo's Assorted Antiques.
  1303 | D:2      | Bought a scroll labelled VUYNON ETUL for 27 gold pieces
  1303 | D:2      | Bought a scroll labelled VUYNON ETUL for 27 gold pieces
  1445 | D:2      | Found Ydaaz's General Store.
  1458 | D:2      | Reached XP level 4. HP: 40/40 MP: 3/3
  1830 | D:3      | You fall into a shaft and drop 1 floor!
  1935 | D:4      | Found a glowing golden altar of the Shining One.
  1954 | D:4      | Reached skill level 4 in Axes
  2095 | D:3      | Found a sparkling altar of Nemelex Xobeh.
  2670 | D:3      | Reached skill level 1 in Throwing
  2670 | D:3      | Reached XP level 5. HP: 31/47 MP: 4/4
  3303 | D:4      | Found a shadowy altar of Dithmenos.
  3310 | D:4      | Noticed a steam dragon
  3314 | D:4      | Reached skill level 5 in Axes
  3321 | D:4      | HP: 2/47 [steam dragon] (2)]
  3323 | D:4      | Killed a steam dragon
  3324 | D:4      | Reached XP level 6. HP: 6/55 MP: 5/5
  3663 | D:4      | Found a shimmering altar of Xom.
  3665 | D:4      | Reached skill level 5 in Fighting
  3665 | D:4      | Reached skill level 5 in Armour
  3665 | D:4      | Reached skill level 5 in Shields
  3892 | D:5      | Entered Level 5 of the Dungeon
  3918 | D:5      | Reached skill level 6 in Axes
  3918 | D:5      | Reached XP level 7. HP: 58/61 MP: 6/6
  3940 | D:5      | Found a staircase to the Ecumenical Temple.
  4012 | Temple   | Entered the Ecumenical Temple
  4348 | D:6      | Found an iron altar of Okawaru.
  4358 | D:6      | Became a worshipper of Warmaster Okawaru
  4528 | D:5      | Identified the +0 robe of Saohergh {Harm rElec rN++ Stlth-}
  4626 | D:5      | Reached skill level 7 in Axes
  4626 | D:5      | Reached skill level 1 in Invocations
  4626 | D:5      | Reached XP level 8. HP: 68/70 MP: 5/7
  4760 | D:6      | Reached * piety under Okawaru
  5366 | D:6      | Reached skill level 8 in Axes
  5656 | D:7      | Reached ** piety under Okawaru
  5664 | D:7      | Reached XP level 9. HP: 61/78 MP: 5/10
  5820 | D:7      | Found a sacrificial altar of Ru.
  6134 | D:7      | Found a runed translucent door.
  6134 | D:7      | Noticed cheesebisquit's ghost (novice TrFi)
  6146 | D:7      | Killed cheesebisquit's ghost
  6147 | D:7      | Reached skill level 9 in Axes
  6579 | D:8      | Reached *** piety under Okawaru
  6660 | D:8      | Noticed Gastronok
  6679 | D:8      | Killed Gastronok
  6679 | D:8      | Received a gift from Okawaru
  6679 | D:8      | Received a gift from Okawaru
  6679 | D:8      | Reached **** piety under Okawaru
  6680 | D:8      | Reached skill level 10 in Axes
  6680 | D:8      | Reached skill level 5 in Throwing
  6680 | D:8      | Reached XP level 10. HP: 32/88 MP: 3/12
  7242 | D:8      | Noticed Maggie
  7253 | D:8      | Killed Maggie
  7357 | D:8      | Reached skill level 11 in Axes
  7357 | D:8      | Reached skill level 5 in Invocations
  7409 | D:8      | Noticed a centaur warrior
  7416 | D:8      | Killed a centaur warrior
  7416 | D:8      | Reached ***** piety under Okawaru
  7450 | D:8      | Noticed a skyshark
  7462 | D:8      | Paralysed by a floating eye for 4 turns
  7620 | D:8      | Noticed a gargoyle
  7627 | D:8      | Killed a gargoyle
  7754 | D:8      | Reached XP level 11. HP: 36/94 MP: 5/14
  7760 | D:8      | Received a gift from Okawaru
  8576 | D:9      | Noticed a lindwurm
  8579 | D:9      | Noticed a lindwurm
  8583 | D:9      | Killed a lindwurm
  8583 | D:9      | Received a gift from Okawaru
  8584 | D:9      | Noticed a lindwurm
  8594 | D:9      | Killed a lindwurm
  8604 | D:9      | Killed a lindwurm
  8605 | D:9      | Reached skill level 12 in Axes
  8669 | D:9      | Noticed a lindwurm
  8695 | D:9      | Killed a lindwurm
  8758 | D:9      | Identified the +2 robe of Compassion {+Inv rC- rN+ Dex+2}
                  | (Okawaru gifted it to you on level 9 of the Dungeon)
  8758 | D:9      | Received a gift from Okawaru
  8799 | D:9      | Found a staircase to the Orcish Mines.
  9010 | D:9      | Found Sawny's Magic Scroll Shoppe.
  9018 | D:9      | Bought a scroll of identify for 22 gold pieces
  9018 | D:9      | Bought a scroll of teleportation for 33 gold pieces
  9018 | D:9      | Bought a scroll of identify for 22 gold pieces
  9018 | D:9      | Bought a scroll of teleportation for 33 gold pieces
  9090 | D:9      | Found Gozag's Platinum Reserve.
  9206 | D:9      | Found an opulent altar of Gozag.
  9512 | D:10     | Entered Level 10 of the Dungeon
  9535 | D:10     | Found a staircase to the Lair.
  9779 | D:10     | Found a radiant altar of Vehumet.
 10047 | D:10     | Noticed a green ugly thing
 10060 | D:10     | Killed a green ugly thing
 10170 | D:10     | Noticed a centaur warrior
 10183 | D:10     | Killed a centaur warrior
 10691 | D:11     | Reached skill level 13 in Axes
 10956 | D:11     | Noticed a two-headed ogre
 10966 | D:11     | Killed a two-headed ogre
 10967 | D:11     | Reached XP level 12. HP: 97/106 MP: 12/15
 10998 | D:11     | Reached skill level 10 in Fighting
 10998 | D:11     | Reached skill level 10 in Shields
 11198 | D:11     | Noticed Nergalle
 11210 | D:11     | Killed Nergalle
 11211 | D:11     | Reached skill level 10 in Armour
 11582 | D:11     | Identified a scroll of acquirement
 11582 | D:11     | Acquired the +9 broad axe of Muduoc {flame, rElec rC+
                  | Int-2}
 11698 | D:12     | Found a gate leading to a gauntlet.
 11705 | Gauntlet | Entered a Gauntlet
 11705 | Gauntlet | Found a large runed translucent door.
 11705 | Gauntlet | Found a large runed translucent door.
 11705 | Gauntlet | Found a large runed translucent door.
 11705 | Gauntlet | Found a large runed translucent door.
 11705 | Gauntlet | Found a runed translucent door.
 11705 | Gauntlet | Found a large runed translucent door.
 11705 | Gauntlet | Found a large runed translucent door.
 11705 | Gauntlet | Found a transporter.
 11705 | Gauntlet | Found a transporter.
 11705 | Gauntlet | Found a large runed translucent door.
 11705 | Gauntlet | Found a large runed translucent door.
 11705 | Gauntlet | Found a runed translucent gate.
 11705 | Gauntlet | Found a runed translucent gate.
 11705 | Gauntlet | Found a transporter.
 11709 | Gauntlet | Found a runed translucent door.
 11710 | Gauntlet | Found a large runed translucent door.
 11710 | Gauntlet | Found a large runed translucent door.
 11710 | Gauntlet | Found a large runed translucent door.
 11710 | Gauntlet | Found a large runed translucent door.
 11711 | Gauntlet | Found a large runed translucent door.
 11711 | Gauntlet | Found a large runed translucent door.
 11712 | Gauntlet | Found a large runed translucent door.
 11712 | Gauntlet | Found a large runed translucent door.
 11722 | Gauntlet | Found a runed translucent gate.
 11728 | Gauntlet | Found a transporter.
 11734 | Gauntlet | Noticed a quicksilver ooze
 11740 | Gauntlet | Found a transporter.
 11742 | Gauntlet | Found a transporter.
 11748 | Gauntlet | Noticed a ghost crab
 11752 | Gauntlet | Found a transporter.
 11774 | Gauntlet | Found a transporter.
 11792 | Gauntlet | Found a transporter.
 11796 | Gauntlet | Found a transporter.
 11814 | Gauntlet | Found a transporter.
 11816 | Gauntlet | Found a transporter.
 11963 | Gauntlet | Killed a quicksilver ooze
 12001 | Gauntlet | Killed a ghost crab
 12157 | Gauntlet | Noticed a minotaur
 12168 | Gauntlet | Killed a minotaur
 12168 | Gauntlet | Received a gift from Okawaru
 13451 | D:13     | Found a gate to the Vaults.
 13451 | D:13     | Noticed a vault guard
 13451 | D:13     | Noticed a vault guard
 13451 | D:13     | Noticed a vault guard
 13451 | D:13     | Noticed a vault guard
 13490 | D:12     | Killed a vault guard
 13491 | D:12     | Reached skill level 14 in Axes
 13832 | Lair:1   | Entered Level 1 of the Lair of Beasts
 13857 | Lair:1   | You fall into a shaft and drop 1 floor!
 13868 | Lair:2   | Noticed a boulder beetle
 13885 | Lair:2   | Killed a boulder beetle
 13891 | Lair:2   | Received a gift from Okawaru
 14203 | Lair:1   | Found a bloodstained altar of Trog.
 15271 | Lair:2   | Noticed a five-headed hydra
 15276 | Lair:2   | Killed a three-headed hydra
 15277 | Lair:2   | Reached XP level 13. HP: 103/116 MP: 14/17
 15347 | Lair:2   | Received a gift from Okawaru
 15348 | Lair:2   | Found a hole to the Spider Nest.
 16149 | Lair:3   | Identified the +2 robe of the Butterfly {Harm +Blink rC-
                  | Int+5} (Okawaru gifted it to you on level 3 of the Lair of
                  | Beasts)
 16149 | Lair:3   | Received a gift from Okawaru
 16533 | Lair:3   | Noticed Amaemon
 16544 | Lair:3   | Killed Amaemon
 16550 | Lair:3   | Reached skill level 15 in Axes
 17114 | Lair:3   | Found a staircase to the Swamp.
 17610 | Lair:4   | Found a viscous altar of Jiyva.
 17611 | Lair:4   | Found a staircase to the Slime Pits.
 18410 | Lair:5   | Entered Level 5 of the Lair of Beasts
 18428 | Lair:5   | Received a gift from Okawaru
 18821 | Lair:5   | Reached skill level 16 in Axes
 18821 | Lair:5   | Reached XP level 14. HP: 110/126 MP: 16/19
 19417 | Lair:5   | Paralysed by a hornet for 1 turns
 19808 | Lair:5   | Received a gift from Okawaru
 20850 | D:12     | Identified the +0 plate armour of the Sun {rPois} (Okawaru
                  | gifted it to you on level 12 of the Dungeon)
 20850 | D:12     | Received a gift from Okawaru
 20898 | D:13     | Reached skill level 10 in Throwing
 20935 | D:13     | Reached skill level 17 in Axes
 21502 | D:13     | Found Ocutemor's Armour Boutique.
 21517 | D:13     | Bought a +1 pair of gloves for 126 gold pieces
 22391 | D:14     | Acquired 854 gold pieces
 22418 | D:14     | Found Jicvat's Weapon Boutique.
 22430 | D:14     | Found a radiant altar of Vehumet.
 22451 | D:14     | Reached skill level 10 in Invocations
 22656 | D:14     | Found an ancient bone altar of Kikubaaqudgha.
 22943 | D:14     | Reached XP level 15. HP: 106/135 MP: 17/21
 23130 | D:14     | Noticed Kirke
 23143 | D:14     | Received a gift from Okawaru
 23147 | D:14     | Killed Kirke
 23522 | D:14     | Found a runed translucent gate.
 23522 | D:14     | Found a runed translucent gate.
 23522 | D:14     | Found a runed translucent gate.
 23523 | D:14     | Noticed Qesae's ghost (journeyman FeSu)
 23865 | D:14     | Found a blossoming altar of Fedhas.
 24168 | D:14     | Reached skill level 18 in Axes
 24169 | D:14     | Killed Qesae's ghost
 24176 | D:14     | Identified the ring of the Will of the Gods {Ice rPois
                  | Dex+4}
 24252 | D:15     | Entered Level 15 of the Dungeon
 24332 | D:15     | Noticed Rupert
 24342 | D:15     | HP: 5/137 [Rupert/+2 battleaxe of freezing (4)]
 24678 | D:15     | Received a gift from Okawaru
 24771 | D:15     | Found a frozen archway.
 24796 | IceCv    | Entered an ice cave
 25167 | IceCv    | Noticed an Ice Fiend
 25174 | IceCv    | Received a gift from Okawaru
 25351 | IceCv    | Killed an Ice Fiend
 25541 | IceCv    | Identified the +10 rapier of the Absolute Madman {flame,
                  | rC+ Str+4}
 25869 | IceCv    | Identified the +0 pair of gloves "Taol" {Dex+2} (Okawaru
                  | gifted it to you in an ice cave)
 25869 | IceCv    | Received a gift from Okawaru
 26295 | D:15     | Found a shimmering blue altar of Sif Muna.
 26438 | D:15     | Killed Rupert
 26589 | D:15     | Reached XP level 16. HP: 140/147 MP: 23/23
 26650 | D:15     | Found a staircase to the Depths.
 27390 | D:9      | Reached skill level 15 in Fighting
 27390 | D:9      | Reached skill level 15 in Armour
 27390 | D:9      | Reached skill level 15 in Shields
 27390 | D:9      | Reached XP level 17. HP: 156/156 MP: 24/24
 27435 | D:9      | Bought a scroll of blinking for 82 gold pieces
 27435 | D:9      | Bought a scroll of blinking for 82 gold pieces
 27656 | D:2      | Bought a wand of digging (7) for 323 gold pieces
 27656 | D:2      | Bought a scroll of enchant armour for 82 gold pieces
 27656 | D:2      | Bought a ring of willpower for 275 gold pieces
 27656 | D:2      | Bought a scroll of enchant weapon for 82 gold pieces
 27715 | D:2      | Bought a potion of curing for 81 gold pieces
 27715 | D:2      | Bought a potion of haste for 270 gold pieces
 27715 | D:2      | Bought a gilded ring for 135 gold pieces
 27874 | Orc:1    | Entered Level 1 of the Orcish Mines
 28124 | Orc:1    | Found Vaasmoj's Gadget Gallery.
 28370 | Orc:2    | Entered Level 2 of the Orcish Mines
 28614 | Orc:2    | Noticed Urug
 28635 | Orc:2    | Killed Urug
 28671 | Orc:2    | HP: 5/150 [orc sorcerer/bolt of fire (28)]
 29021 | Orc:2    | Noticed Sonja
 29034 | Abyss:1  | Cast into level 1 of the Abyss (Sonja)
 29142 | Abyss:1  | Found a corrupted altar of Lugonu.
 29170 | Abyss:1  | Found a corrupted altar of Lugonu.
 29221 | Abyss:1  | Received a gift from Okawaru
 29343 | Abyss:1  | Found a corrupted altar of Lugonu.
 29356 | Abyss:1  | Noticed a bone dragon
 29370 | Abyss:1  | Killed a bone dragon
 29680 | Abyss:1  | Lost intelligence.
 29689 | Abyss:1  | HP: 4/158 [ironbound thunderhulk/bolt of lightning[a
                  | worldbinder] (10)]
 29690 | Abyss:1  | Killed from afar by an ironbound thunderhulk

Illustrated notes

Levels and vault maps discovered:
D:1:      lemuel_arrival_funnel, layout_loops_corners
D:2:      layout_basic, basic_altar, serial_shops, shop_statue, shop,
          minmay_tromino_v4_a
D:3:      layout_basic, nemelex_xobeh_ov_fountains_minmay,
          chequers_serial_rivers_small_b, grunt_ministairs_1,
          grunt_decor_arrowhead
D:4:      layout_loops_ring, xom_confusion_cloud, mainiacjoe_overflow_24_doors,
          nicolae_dithmenos_shadow_blocks
D:5:      layout_gridville, minmay_temple_entry_drinking_statues
D:6:      layout_rooms, okawaru_gym_becter
D:7:      layout_basic, mainiacjoe_overflow_concentric_impassable,
          gammafunk_ghost_grave, minmay_misc_feat_room
D:8:      minmay_the_grid_triangle_9x9_rhombus_thin
          [minmay_the_grid_triangle_9x9_zippers_vertical,
          minmay_the_grid_triangle_9x9_prize_insulated,
          minmay_the_grid_triangle_9x9_limited_checkers,
          minmay_the_grid_triangle_9x9_semitri], layout_rooms, uniq_gastronok,
          uniq_maggie
D:9:      layout_basic, nicolae_gozag_zags_fifth_avenue, david_orc_3,
          serial_shops, nicolae_shop_stone, minmay_misc_feat_columns,
          minmay_lindwurm_lava
D:10:     layout_stronghold, nicolae_vehumet_radiance, erik_lair_island,
          serial_rivers, chequers_serial_rivers_micro_d,
          chequers_serial_rivers_micro_b, chequers_serial_rivers_small_3,
          chequers_serial_rivers_room_a, chequers_serial_rivers_small_3
D:11:     layout_layer_cave, uniq_nergalle
D:12:     layout_basic, gauntlet_entry_generic
D:13:     kennysheep_seaside_town, layout_loops_cross,
          lightli_vaults_fourway_checkpoint, serial_shops, shop,
          nicolae_straight_to_the_point
D:14:     minmay_clustersquares, layout_layer_cave, serial_shops, shop,
          minmay_door_square, gammafunk_ghost_spectres,
          hangedman_feature_mirror, fedhas_altar_fruit_tree, uniq_kirke
D:15:     hangedman_depths_entry_civil_slaughter, layout_loops_ring,
          lemuel_blue_sif_altar, portal_ice_cave_entry_ice_statue_two,
          corexii_hall_statues_t, billiards_dpeg, uniq_rupert
Temple:   nicolae_temple_great_sept
Lair:1:   layout_hall_layers, basic_altar
Lair:2:   layout_small_grid, nicolae_spider_entry_non_spiders, fungi_pond_lemuel
Lair:3:   layout_long_grid, palyth_hydra_swamp_entry, hibernation_bobbens,
          uniq_amaemon
Lair:4:   layout_regular_city, minmay_slime_entry_pillars, columned_hall_lemuel,
          infiniplex_staircase_pool_2
Lair:5:   minmay_lair_end_enchanted_forest, layout_gridlike,
          serial_bayou_pond_a, serial_bayou_shore_a, grunt_megastairs_1
Orc:1:    layout_caves, nicolae_shop_gadgets, uniq_fannar, uniq_jorgrun
Orc:2:    grunt_orc_cross, layout_caves, uniq_sonja
Abyss:1:  base:
Lair:2

Skill      XL: |  1  2  3  4  5  6  7  8  9 10 11 12 13 14 15 16 17 |
---------------+----------------------------------------------------+-----
Axes           | 3 4 5 6 7 8 10 11 13 14 16 17 18 | 18.0
Armour         | 4 5 6 7 8 9 10 11 13 14 15 | 15.8
Shields        | 4 5 6 7 8 9 10 11 13 14 15 | 15.8
Fighting       | 4 5 6 7 8 9 11 12 13 14 15 | 15.9
Throwing       | 1 2 3 4 5 6 7 8 9 10 | 10.0
Invocations    | 1 2 4 5 6 7 8 10 11 12 | 12.3

Action                     |  1- 3 |  4- 6 |  7- 9 | 10-12 | 13-15 | 16-18 || total
---------------------------+-------+-------+-------+-------+-------+-------++-------
  Melee: War axe           |    69 |   129 |   204 |    65 |       |       ||   467
         Headbutt          |     6 |    20 |    35 |    70 |   201 |    59 ||   391
         Broad axe         |       |       |       |   304 |   898 |   276 ||  1478
  Throw: Dart              |       |     3 |     6 |     2 |       |       ||    11
         Boomerang         |       |       |       |    87 |    51 |    37 ||   175
 Invoke: Heroism           |       |       |     2 |    15 |    10 |     5 ||    32
         Finesse           |       |       |       |     2 |     3 |     3 ||     8
  Evoke: Wand              |       |       |       |       |     2 |       ||     2
    Use: Potion            |       |     1 |     1 |     2 |     2 |     3 ||     9
         Scroll            |       |       |     3 |    28 |    10 |     3 ||    44
   Stab: Distracted        |       |       |       |       |     1 |       ||     1
 Armour: Scale mail        |    51 |    26 |       |       |       |       ||    77
         Chain mail        |       |    49 |   133 |   210 |   279 |       ||   671
         Plate armour      |       |       |       |       |   323 |   100 ||   423
  Dodge: Dodged            |    43 |    54 |    87 |   157 |   252 |    49 ||   642
  Block: Buckler           |    25 |    24 |    69 |   146 |       |       ||   264
         Kite shield       |       |       |       |     1 |   503 |       ||   504
         Tower shield      |       |       |       |       |   126 |   255 ||   381

Table legend: (Time is in decaauts)
 A = Elapsed time spent in this place.
 B = Non-inter-level travel time spent in this place.
 C = Inter-level travel time spent in this place.
 D = Time resting spent in this place.
 E = Time spent auto-exploring this place.
 F = Levels seen in this place.
 G = Mean time per level.
                   A        B        C        D        E       F      G
               +--------+--------+--------+--------+--------+-----+--------+
         Total |  29638 |  28251 |   1387 |   4181 |  16534 |  26 | 1139.9 |
       Dungeon |  18996 |  17830 |   1166 |   2073 |  11328 |  15 | 1266.4 |
        Temple |      1 |      1 |      0 |      0 |      0 |   1 |    1.0 |
          Lair |   6757 |   6551 |    206 |    798 |   4427 |   5 | 1351.4 |
  Orcish Mines |   1112 |   1098 |     14 |    415 |    279 |   2 |  556.0 |
         Abyss |    660 |    660 |      0 |     34 |     22 |   1 |  660.0 |
      Ice Cave |   1410 |   1410 |      0 |    446 |    477 |   1 | 1410.0 |
      Gauntlet |    700 |    700 |      0 |    414 |      0 |   1 |  700.0 |
               +--------+--------+--------+--------+--------+-----+--------+

Top non-repeatable levels by time:
    D:14: 2133 daAuts
  Lair:5: 2114 daAuts
     D:8: 1621 daAuts
    D:13: 1602 daAuts
    D:12: 1592 daAuts
     D:9: 1570 daAuts
   IceCv: 1410 daAuts
  Lair:2: 1351 daAuts
     D:4: 1268 daAuts
    D:10: 1227 daAuts
    D:15: 1222 daAuts
  Lair:1: 1196 daAuts
  Lair:4: 1167 daAuts
     D:3: 1112 daAuts
    D:11: 1071 daAuts
